AoeStats
← King_Llanes CT

Black Forest

509184460Analyzed
4v4 RM · 7d ago on Sep 25, 2026· 23m 56s· 8 players
Game mode
Random Map
Map size
Large (8 player)
Population
200
Speed
Normal
Resources
Standard
Victory
Conquest
Starting age
Dark Age
Ending age
Imperial Age
RankedLock teamsTeams togetherTeam positionsShared explorationLock speedFull tech treeHidden civsTurbo modeCheats
Victory
Defeat
🇧🇬 Slavs · Bulgaria
1802
+10
🇮🇳 Romans · India
1768
+11
🇮🇹 Magyars · Italy
1578
+19
🇮🇹 Britons · Italy
1540
+21
🇮🇹 Muisca · Italy
1706
-17
🇪🇸 Aztecs · Spain
1677
-16
🇪🇸 Bohemians · Spain
1641
-15
🇮🇹 Gurjaras · Italy
1594
-13
Dott_Berlu
4:35 Loom
11:13 Feudal Age
12:17 Double-Bit Axe
14:57 Castle Age
13:03 Horse Collar
15:52 Bow Saw
15:43 Heavy Plow
20:41 Wheelbarrow
MrDJM
1:11 Loom
12:15 Feudal Age
13:35 Double-Bit Axe
13:59 Horse Collar
16:22 Castle Age
17:30 Bow Saw
20:47 Wheelbarrow
King_Llanes CT
2:26 Loom
11:13 Feudal Age
11:22 Man-at-Arms
16:49 Fletching
18:43 Forging
19:37 Arson
24:12 Castle Age
Tales de Paleto
7:51 Loom
11:24 Feudal Age
19:07 Castle Age
18:48 Double-Bit Axe
18:56 Gold Mining
Zni.Locuss
6:11 Loom
8:57 Feudal Age
9:51 Double-Bit Axe
13:53 Bloodlines
16:15 Wheelbarrow
19:32 Castle Age
17:45 Scale Barding Armor
18:41 Forging
18:23 Gold Mining
18:37 Horse Collar
21:57 Husbandry
Zni.Kark01
0:43 Loom
9:59 Feudal Age
10:13 Man-at-Arms
11:21 Double-Bit Axe
Zoccolo Fitusu
12:11 Feudal Age
15:46 Castle Age
13:42 Horse Collar
13:48 Double-Bit Axe
17:15 Bow Saw
17:08 Heavy Plow
22:21 Wheelbarrow
21:34 Loom
24:15 Hand Cart
24:23 Gold Mining
Evol_
0:51 Loom
11:22 Feudal Age
12:09 Double-Bit Axe
12:16 Horse Collar
16:59 Castle Age
18:15 Bow Saw
18:07 Heavy Plow
22:05 Wheelbarrow
Connection lost

Rejoining the realm…

Still unreachable

The connection could not be restored.

Session expired

The server has moved on; the page needs a fresh start.